ITL
ALLENTOWN HILLBILLIES @ BLUEVILLE 83'S
08/28/2028
 
TOP OF THE 1ST
Allentown Hillbillies batting - Pitching for Blueville 83's : RHP Cody White
Pitching: RHP Cody White
Batting: LHB António Salazar 0-0: Ball
1-0: Swinging Strike
1-1: Swinging Strike
1-2: Ball
2-2: Ground out 6-3 (Groundball, 6)
Batting: LHB John Hudson 0-0: Ball
1-0: Ball
2-0: Called Strike
2-1: Ball
3-1: Base on Balls
Batting: RHB José Mora 0-0: DOUBLE (Line Drive, 78D)
John Hudson to third
Runner from 3rd tries for Home, SAFE, throw made home
Batting: LHB Marcos Vargas 0-0: Called Strike
0-1: Ball
1-1: Ball
2-1: Called Strike
2-2: Ball
3-2: Strikes out swinging
Batting: RHB Joel Jackson 0-0: Called Strike
0-1: Swinging Strike
0-2: SINGLE (Line Drive, 56)
José Mora to third
Batting: RHB Albert Lutz 0-0: Ball
1-0: Ball
2-0: Ground out 4-3 (Groundball, 4S)
Top of the 1st over - 1 run(s), 2 hit(s), 0 error(s), 2 left on base; Allentown 1 - Blueville 0
BOTTOM OF THE 1ST
Blueville 83's batting - Pitching for Allentown Hillbillies : RHP Claudio Segura
Pitching: RHP Claudio Segura
Batting: SHB Bob Noble 0-0: Ground out 6-3 (Groundball, 6)
Batting: RHB Matt Perkins 0-0: Called Strike
0-1: Swinging Strike
0-2: Ball
1-2: Ball
2-2: Ball
3-2: Reached on error, E6 (Groundball, 6)
Batting: LHB Roberto Trujillo 0-0: Ball
1-0: Foul Ball, location: 2F
1-1: Foul Ball, location: 2F
1-2: Ground out U3 (Groundball, 3)
Matt Perkins to third
Batting: SHB Jack Fountain 0-0: Ball
1-0: Ball
2-0: Ground out 4-3 (Groundball, 4)
Bottom of the 1st over - 0 run(s), 0 hit(s), 1 error(s), 1 left on base; Allentown 1 - Blueville 0
TOP OF THE 2ND
Allentown Hillbillies batting - Pitching for Blueville 83's : RHP Cody White
Batting: RHB Dan Banks 0-0: Called Strike
0-1: Ball
1-1: Called Strike
1-2: SINGLE (Groundball, 56D)
Batting: RHB Germano Labrego Pickoff Throw to First - Out!
0-0: Ground out 1-3 (Groundball, 15S)
Batting: RHB Carl Brown 0-0: Swinging Strike
0-1: Foul Ball, location: 2F
0-2: Ball
1-2: Strikes out swinging
Top of the 2nd over - 0 run(s), 1 hit(s), 0 error(s), 0 left on base; Allentown 1 - Blueville 0
BOTTOM OF THE 2ND
Blueville 83's batting - Pitching for Allentown Hillbillies : RHP Claudio Segura
Batting: LHB Ricardo Romero 0-0: Called Strike
0-1: Foul Ball, location: 2F
0-2: DOUBLE (Flyball, 89XD)
Batting: LHB Vincente Sáenz 0-0: Swinging Strike
0-1: Ground out 4-3 (Groundball, 4)
Ricardo Romero to third
Batting: LHB Ron Robinson 0-0: Ball
1-0: Ball
2-0: Called Strike
2-1: 2-RUN HOME RUN (Flyball, 7D), Distance : 400 ft
Batting: RHB Yoshihide Takahashi 0-0: Ball
1-0: Called Strike
1-1: Called Strike
1-2: Strikes out swinging
Batting: RHB Fernando Díaz 0-0: Ball
1-0: Ball
2-0: Called Strike
2-1: Ground out 5-3 (Groundball, 56S)
Bottom of the 2nd over - 2 run(s), 2 hit(s), 0 error(s), 0 left on base; Allentown 1 - Blueville 2
TOP OF THE 3RD
Allentown Hillbillies batting - Pitching for Blueville 83's : RHP Cody White
Batting: LHB António Salazar 0-0: Ball
1-0: Ball
2-0: Called Strike
2-1: Ball
3-1: Ground out 6-3 (Groundball, 6)
Batting: LHB John Hudson 0-0: DOUBLE (Flyball, 78XD)
Batting: RHB José Mora 0-0: Swinging Strike
0-1: Ball
1-1: Ball
2-1: Ball
3-1: Fly out, F8 (Line Drive, 89M)
Batting: LHB Marcos Vargas 0-0: Foul Ball, location: 2F
0-1: Ball
1-1: Swinging Strike
1-2: Strikes out swinging
Top of the 3rd over - 0 run(s), 1 hit(s), 0 error(s), 1 left on base; Allentown 1 - Blueville 2
BOTTOM OF THE 3RD
Blueville 83's batting - Pitching for Allentown Hillbillies : RHP Claudio Segura
Batting: SHB Bob Noble 0-0: Foul Ball, location: 2F
0-1: Ball
1-1: Foul Ball, location: 2F
1-2: Strikes out swinging
Batting: RHB Matt Perkins 0-0: Ball
1-0: Foul Ball, location: 2F
1-1: SINGLE (Line Drive, 6)
Batting: LHB Roberto Trujillo 0-0: Fly out, F8 (Flyball, 8RXD)
Batting: SHB Jack Fountain 0-0: Ball
Matt Perkins steals 2nd base
1-0: Ball
2-0: Called Strike
2-1: Swinging Strike
2-2: DOUBLE (Line Drive, 78XD)
Matt Perkins scores
Batting: LHB Ricardo Romero 0-0: Swinging Strike
0-1: Ball
1-1: Called Strike
1-2: Ball
2-2: Ball
3-2: Foul Ball, location: 2F
3-2: Base on Balls
Batting: LHB Vincente Sáenz 0-0: Ball
1-0: Ball
2-0: Fly out, F9 (Line Drive, 9)
Bottom of the 3rd over - 1 run(s), 2 hit(s), 0 error(s), 2 left on base; Allentown 1 - Blueville 3
TOP OF THE 4TH
Allentown Hillbillies batting - Pitching for Blueville 83's : RHP Cody White
Batting: RHB Joel Jackson 0-0: Ball
1-0: Ball
2-0: Called Strike
2-1: Foul Ball, location: 2F
2-2: Ball
3-2: Base on Balls
Batting: RHB Albert Lutz 0-0: Called Strike
0-1: Called Strike
0-2: Strikes out swinging
Batting: RHB Dan Banks 0-0: Called Strike
0-1: Foul Ball, location: 2F
0-2: Foul Ball, location: 2F
0-2: Ball
1-2: Foul Ball, location: 2F
1-2: DOUBLE (Flyball, 78XD)
Joel Jackson to third
Batting: RHB Germano Labrego 0-0: Ball
1-0: Called Strike
1-1: Swinging Strike
1-2: DOUBLE (Line Drive, 7LD)
Joel Jackson scores
Dan Banks scores
Batting: RHB Carl Brown 0-0: Ball
1-0: Called Strike
1-1: Swinging Strike
1-2: Strikes out swinging
Batting: LHB António Salazar 0-0: Called Strike
0-1: Ground out 4-3 (Groundball, 4MS)
Top of the 4th over - 2 run(s), 2 hit(s), 0 error(s), 1 left on base; Allentown 3 - Blueville 3
BOTTOM OF THE 4TH
Blueville 83's batting - Pitching for Allentown Hillbillies : RHP Claudio Segura
Batting: LHB Ron Robinson 0-0: SINGLE (Line Drive, 89M)
Batting: RHB Yoshihide Takahashi 0-0: Ball
1-0: Foul Ball, location: 2F
1-1: Ball
2-1: Foul Ball, location: 2F
2-2: Ball
3-2: Strikes out swinging
Batting: RHB Fernando Díaz 0-0: Called Strike
0-1: Ball
1-1: Swinging Strike
1-2: Strikes out swinging
Batting: SHB Bob Noble 0-0: Called Strike
0-1: Ball
1-1: Ball
Ron Robinson steals 2nd base
2-1: TRIPLE (Groundball, 3L)
Ron Robinson scores
Batting: RHB Matt Perkins 0-0: Foul Ball, location: 2F
0-1: Ball
1-1: Ball
2-1: Foul Ball, location: 2F
2-2: SINGLE (Groundball, 3D)
Bob Noble scores
Pitching: RHP Jorge Ruíz
Batting: LHB Roberto Trujillo 0-0: Called Strike
0-1: Foul Ball, location: 2F
0-2: Ball
1-2: Fly out, F9 (Flyball, 9D)
Bottom of the 4th over - 2 run(s), 3 hit(s), 0 error(s), 1 left on base; Allentown 3 - Blueville 5
TOP OF THE 5TH
Allentown Hillbillies batting - Pitching for Blueville 83's : RHP Cody White
Batting: LHB John Hudson 0-0: Called Strike
0-1: Foul Ball, location: 2F
0-2: Ball
1-2: Ball
2-2: Strikes out swinging
Batting: RHB José Mora 0-0: Ball
1-0: Ball
2-0: Swinging Strike
2-1: SINGLE (Groundball, 4M) (infield hit)
Batting: LHB Marcos Vargas 0-0: Called Strike
0-1: Ball
1-1: Foul Ball, location: 2F
1-2: Foul Ball, location: 2F
1-2: Ball
2-2: Fly out, F8 (Flyball, 8LM)
Pitching: RHP Rikiya Sakurai
Batting: RHB Joel Jackson 0-0: Ball
1-0: Ball
2-0: Fly out, F7 (Flyball, 78M)
Top of the 5th over - 0 run(s), 1 hit(s), 0 error(s), 1 left on base; Allentown 3 - Blueville 5
BOTTOM OF THE 5TH
Blueville 83's batting - Pitching for Allentown Hillbillies : RHP Jorge Ruíz
Batting: SHB Jack Fountain 0-0: Called Strike
0-1: Ball
1-1: Foul Ball, location: 2F
1-2: Ball
2-2: Strikes out swinging
Batting: LHB Ricardo Romero 0-0: Foul Ball, location: 2F
0-1: Ball
1-1: Foul Ball, location: 2F
1-2: Foul Ball, location: 2F
1-2: Ball
2-2: Ground out 4-3 (Groundball, 34D)
Batting: LHB Vincente Sáenz 0-0: Called Strike
0-1: Fly out, F7 (Flyball, 78S)
Bottom of the 5th over - 0 run(s), 0 hit(s), 0 error(s), 0 left on base; Allentown 3 - Blueville 5
TOP OF THE 6TH
Allentown Hillbillies batting - Pitching for Blueville 83's : RHP Rikiya Sakurai
Batting: RHB Albert Lutz 0-0: Ball
1-0: SINGLE (Flyball, 7S)
Batting: RHB Dan Banks 0-0: Ball
1-0: Called Strike
1-1: Swinging Strike
1-2: Fly out, F8 (Flyball, 8RD)
Batting: RHB Germano Labrego 0-0: Foul Ball, location: 2F
0-1: Swinging Strike
0-2: Strikes out swinging
Batting: RHB Carl Brown 0-0: Fly out, F8 (Flyball, 8LD)
Top of the 6th over - 0 run(s), 1 hit(s), 0 error(s), 1 left on base; Allentown 3 - Blueville 5
BOTTOM OF THE 6TH
Blueville 83's batting - Pitching for Allentown Hillbillies : RHP Jorge Ruíz
Batting: LHB Ron Robinson 0-0: Ball
1-0: Called Strike
1-1: Ball
2-1: Called Strike
2-2: Foul Ball, location: 2F
2-2: Ground out 4-3 (Groundball, 4)
Batting: RHB Yoshihide Takahashi 0-0: Called Strike
0-1: Ball
1-1: DOUBLE (Line Drive, 78XD)
Batting: RHB Fernando Díaz 0-0: Intentional Walk
Batting: SHB Bob Noble 0-0: Fielders Choice at 2nd, 5-4 (Groundball, 56)
Yoshihide Takahashi to third
Batting: RHB Matt Perkins 0-0: Ball
1-0: Called Strike
1-1: Swinging Strike
1-2: Strikes out swinging
Bottom of the 6th over - 0 run(s), 1 hit(s), 0 error(s), 2 left on base; Allentown 3 - Blueville 5
TOP OF THE 7TH
Allentown Hillbillies batting - Pitching for Blueville 83's : RHP Rikiya Sakurai
Batting: LHB António Salazar 0-0: Ball
1-0: SINGLE (Line Drive, 4M)
Batting: LHB John Hudson 0-0: Ball
1-0: Foul Ball, location: 2F
1-1: Called Strike
1-2: Strikes out swinging
Batting: RHB José Mora 0-0: Ball
1-0: Ball
2-0: Called Strike
2-1: Ball
3-1: Foul Ball, location: 2F
3-2: Strikes out looking
António Salazar is caught stealing 2nd base
Batter strikes out.
Top of the 7th over - 0 run(s), 1 hit(s), 0 error(s), 0 left on base; Allentown 3 - Blueville 5
BOTTOM OF THE 7TH
Blueville 83's batting - Pitching for Allentown Hillbillies : RHP Jorge Ruíz
Batting: LHB Roberto Trujillo 0-0: Ball
1-0: Foul Ball, location: 2F
1-1: Ball
2-1: Foul Ball, location: 2F
2-2: Foul Ball, location: 2F
2-2: Strikes out swinging
Batting: SHB Jack Fountain 0-0: Foul Ball, location: 2F
0-1: Called Strike
0-2: Foul Ball, location: 2F
0-2: Fly out, F7 (Flyball, 78M)
Batting: LHB Ricardo Romero 0-0: Foul Ball, location: 2F
0-1: Ball
1-1: Ball
2-1: Foul Ball, location: 2F
2-2: Ball
3-2: Base on Balls
Pitching: LHP Emílio Trevino
Batting: LHB Vincente Sáenz 0-0: Ball
1-0: SINGLE (Line Drive, 78S)
Ricardo Romero to second
Pitching: LHP Alberto Maldonado
Pinch Hitting: RHB Carlos Carrillo 0-0: Ball
1-0: Ball
2-0: Swinging Strike
2-1: Ball
3-1: Foul Ball, location: 2F
3-2: Foul Ball, location: 2F
3-2: Foul Ball, location: 2F
3-2: Fly out, F9 (Flyball, 89S)
Bottom of the 7th over - 0 run(s), 1 hit(s), 0 error(s), 2 left on base; Allentown 3 - Blueville 5
TOP OF THE 8TH
Allentown Hillbillies batting - Pitching for Blueville 83's : RHP Rikiya Sakurai
Now at 2B: Carlos Carrillo
Batting: LHB Marcos Vargas 0-0: Ball
1-0: Fly out, F8 (Flyball, 8RS)
Batting: RHB Joel Jackson 0-0: Ball
1-0: Foul Ball, location: 2F
1-1: SINGLE (Line Drive, 6M)
Batting: RHB Albert Lutz 0-0: Foul Ball, location: 2F
0-1: Fielders Choice at 2nd, 6-4 (Groundball, 6)
Batting: RHB Dan Banks 0-0: Ball
1-0: Fielders Choice at 2nd, 6-4 (Groundball, 6)
Top of the 8th over - 0 run(s), 1 hit(s), 0 error(s), 0 left on base; Allentown 3 - Blueville 5
BOTTOM OF THE 8TH
Blueville 83's batting - Pitching for Allentown Hillbillies : LHP Alberto Maldonado
Batting: RHB Yoshihide Takahashi 0-0: Fly out, F7 (Flyball, 7)
Batting: RHB Fernando Díaz 0-0: Fly out, F7 (Flyball, 78D)
Batting: SHB Bob Noble 0-0: Ball
1-0: Called Strike
1-1: Foul Ball, location: 2F
1-2: SINGLE (Groundball, 56D)
Batting: RHB Matt Perkins 0-0: Ball
1-0: Swinging Strike
1-1: Ball
2-1: Called Strike
2-2: Ball
3-2: Strikes out swinging
Bottom of the 8th over - 0 run(s), 1 hit(s), 0 error(s), 1 left on base; Allentown 3 - Blueville 5
TOP OF THE 9TH
Allentown Hillbillies batting - Pitching for Blueville 83's : RHP Rikiya Sakurai
Pitching: LHP António Coronado
Batting: RHB Germano Labrego 0-0: Ball
1-0: Foul Ball, location: 2F
1-1: Foul Ball, location: 2F
1-2: DOUBLE (Groundball, 3L)
Batting: RHB Carl Brown 0-0: Ball
1-0: SINGLE (Line Drive, 4MD)
Germano Labrego to third
Pinch Hitting: RHB Bartolo López 0-0: Ball
1-0: Foul Ball, location: 2F
1-1: Foul Ball, location: 2F
1-2: Foul Ball, location: 2F
1-2: Ball
2-2: Ball
3-2: Foul Ball, location: 2F
3-2: SINGLE (Groundball, 56D)
Germano Labrego scores
Carl Brown to second
Pinch Hitting: RHB Diego Rivera 0-0: Called Strike
0-1: Called Strike
0-2: Ball
1-2: Fielders Choice at 2nd, 3-6 (Groundball, 34)
Carl Brown to third
Batting: RHB José Mora 0-0: Ball
1-0: Grounds into double play, 4-6-3 (Groundball, 4)
Top of the 9th over - 1 run(s), 3 hit(s), 0 error(s), 1 left on base; Allentown 4 - Blueville 5
Tuesday, August 8th, 2017 - OOTP Baseball 17.12 Build 75